 Seeded DCSS version 0.27.1-2-g3b301248ec (webtiles) character file.

Game seed: 14551798346683263451 (custom seed)

81 babuloseo the Poker (level 4, 21/35 HPs)
             Began as a Human Monk on Sept 30, 2021.
             Was a Believer of Qazlal.
             Quit the game on level 2 of the Dungeon.
             The game lasted 00:02:02 (1678 turns).

babuloseo the Poker (Human Monk)                    Turns: 1678, Time: 00:02:02

Health: 21/35      AC:  8    Str: 12    XL:     4   Next: 68%
Magic:  4/4        EV: 11    Int: 13    God:    Qazlal [**....]
Gold:   69         SH:  3    Dex: 16    Spells: 3/3 levels left

rFire    . . .     SeeInvis .   d - +2 dagger (venom)
rCold    . . .     Faith    .   (no shield)
rNeg     . . .     Spirit   .   f - +0 ring mail
rPois    .         Reflect  .   h - +1 helmet {Int+3}
rElec    .         Harm     .   i - +0 cloak
rCorr    .         Rampage  .   (no gloves)
Will     .....                  (no boots)
Stlth    +.........             (no amulet)
HPRegen  0.11/turn              (no ring)
MPRegen  0.09/turn              (no ring)

@: no status effects
A: no striking features
a: Renounce Religion, Upheaval


You were on level 2 of the Dungeon.
You worshipped Qazlal.
Qazlal was pleased with you.
You visited 1 branch of the dungeon, and saw 3 of its levels.

You collected 69 gold pieces.

Inventory:

Hand Weapons
 a - a +0 spear
 d - a +2 dagger of venom (weapon)
Armour
 b - a +0 robe
 f - a +0 ring mail (worn)
 h - a +1 helmet of intelligence (worn)
 i - a +0 cloak (worn)
Wands
 g - a wand of flame (18)
Scrolls
 e - a scroll of magic mapping {unknown}
 j - 2 scrolls of identify {unknown}
 k - a scroll of enchant armour {unknown}
 l - a scroll of torment {unknown}
 m - a scroll of acquirement
Potions
 c - a potion of ambrosia {unknown}


   Skills:
 + Level 3.4 Fighting
 * Level 4.0 Polearms
 + Level 3.5 Dodging
 + Level 2.6 Stealth


You had 3 spell levels left.
You didn't know any spells.
Your spell library contained the following spells:

 Spells                   Type           Power      Damage    Failure   Level
 Magic Dart               Conj           0%         1d3       56%         1
 Searing Ray              Conj           0%         3d3       71%         2
 Fulminant Prism          Conj/Hex       0%         3d6       100%        4


Dungeon Overview and Level Annotations

Branches:
Dungeon (3/15)

Altars:
Qazlal

Annotations:
D:2 1 runed translucent door, Crazy Yiuf


Message History

The hobgoblin barely misses you. The hobgoblin closely misses you.
You closely miss the hobgoblin.
The hobgoblin is moderately wounded.
The hobgoblin hits you. x3
You hit the hobgoblin.
The hobgoblin looks as sick as possible!
The hobgoblin is almost dead.
You kill the hobgoblin!
Qazlal accepts your kill. You block the hobgoblin's attack.
The hobgoblin completely misses you.
You hit the hobgoblin.
The hobgoblin is heavily wounded.
You block the hobgoblin's attack.
The hobgoblin hits you but does no damage.
You closely miss the hobgoblin.
The hobgoblin is heavily wounded.
The hobgoblin hits you. The hobgoblin barely misses you.
You barely miss the hobgoblin.
The hobgoblin is moderately wounded.
The hobgoblin hits you but does no damage.
You block the hobgoblin's attack.
You closely miss the hobgoblin.
The hobgoblin is moderately wounded.
The hobgoblin is engulfed in freezing vapours.
You kill the hobgoblin!
Qazlal accepts your kill. The hobgoblin hits you.
Your Polearms skill increases to level 4!
You hit the hobgoblin.
The hobgoblin is poisoned.
The hobgoblin is almost dead.
You kill the hobgoblin!
Qazlal accepts your kill.
No target in view!
Unknown command.
No target in view!
Unknown command.
There is an open door here.
m - a scroll labelled LONUMM XATILEEJ This is a scroll of acquirement!
Are you sure you want to abandon this character and quit the game? (Confirm with "yes".)

###### #......# .....#
#.####.#
####.#####.####.#
..............#.#
##.....###.##.#)#
##.#..## #.....#####
...#..# #....##...##
......# #.####.....#
......# #.#.†#.@...#
####### #.'..'.....#
##########.#.†#..(..#
#..........####..:.!#
(..###.)...#.###...###
#..#.......##.######.#
.....#.....###.......#
#..###.....# ##.######
#.......#### #.#


There were no monsters in sight!

Vanquished Creatures
  Robin (D:2)
  An adder (D:2)
  An adder skeleton (D:2)
  A dart slug (D:1)
  4 bats
  2 endoplasms (D:1)
  A giant cockroach (D:1)
  15 goblins
  10 hobgoblins
  3 kobolds
  A quokka (D:2)
  4 ball pythons (D:2)
  2 frilled lizards (D:1)
  3 rats (D:2)
49 creatures vanquished.

Notes
Turn   | Place    | Note
-------+----------+-------------------------------------------
     0 | D:1      | babuloseo the Human Monk began the quest for the Orb.
     0 | D:1      | Reached XP level 1. HP: 18/18 MP: 1/1
   128 | D:1      | Reached XP level 2. HP: 16/24 MP: 2/2
   699 | D:2      | Found a stormy altar of Qazlal.
   702 | D:2      | Reached XP level 3. HP: 29/29 MP: 3/3
   710 | D:2      | Became a worshipper of Qazlal Stormbringer
   710 | D:2      | Reached * piety under Qazlal
   710 | D:2      | Reached ** piety under Qazlal
   769 | D:2      | Noticed Robin
   803 | D:2      | Killed Robin
   804 | D:2      | Reached XP level 4. HP: 26/35 MP: 4/4
  1254 | D:2      | Found Gisot's Antique Weapon Boutique.
  1388 | D:2      | Found a runed translucent door.
  1389 | D:2      | Noticed Crazy Yiuf
  1672 | D:2      | Reached skill level 4 in Polearms
  1678 | D:2      | Identified a scroll of acquirement
  1678 | D:2      | Quit the game

Illustrated notes

Levels and vault maps discovered:
D:1:      lemuel_arrival_river_bridge, layout_rooms
D:2:      layout_loops_cross, basic_altar, serial_shops, shop,
          minmay_goblin_kobold_house, uniq_crazy_yiuf_cottage, uniq_robin
D:3:      layout_basic, grunt_gozag_breadcrumbs,
          hellmonk_ecumenical_altar_heavens_door

Skill      XL: |  1  2  3  4 |
---------------+-------------+-----
Polearms       | 4 |  4.0
Fighting       | |  3.4
Dodging        | |  3.5
Stealth        | |  2.6

Action                   |  1- 3 |  4- 6 || total
-------------------------+-------+-------++-------
Melee: Spear             |    16 |       ||    16
       Dagger            |    38 |    60 ||    98
 Stab: Sleeping          |     6 |       ||     6
Armor: Robe              |     5 |       ||     5
       Ring mail         |    10 |    18 ||    28
Dodge: Dodged            |    17 |    32 ||    49
Block: Other             |     1 |    12 ||    13
